 Dungeon Crawl Stone Soup version 0.29-a0-344-ge2f44be95a (webtiles) character file.

Game seed: 14367847908151743276

23870 Dauddaud the Severer (level 12, -19/168 HPs)
             Began as a Minotaur Berserker on Apr 21, 2022.
             Was an Elder of Trog.
             Demolished by a large abomination (29 damage)
             ... on level 11 of the Dungeon.
             The game lasted 00:30:29 (16882 turns).

Dauddaud the Severer (Minotaur Berserker)          Turns: 16882, Time: 00:30:30

Health: -19/168    AC: 21    Str: 34    XL:     12   Next: 75%
Magic:  11/11      EV: 10    Int:  4    God:    Trog [****..]
Gold:   1671       SH:  0    Dex:  9    Spells: 11/11 levels left

rFire   . . .      SeeInvis .   m - +3 battleaxe (flame)
rCold   . . .      Faith    +   (shield currently unavailable)
rNeg    . . .      Spirit   .   h - +0 plate armour
rPois   .          Reflect  .   t - +1 hat
rElec   .          Harm     .   i - +0 cloak
rCorr   .          Rampage  .   (no gloves)
Will    ++...                   (no boots)
Stlth   ..........              r - amulet of faith
HPRegen 1.00/turn               e - +6 ring of strength
MPRegen 0.12/turn               I - +4 ring of protection

@: berserking, about to teleport, strong-willed, sick, regenerating, very quick
A: horns 2, retaliatory headbutt
a: Renounce Religion, Berserk, Trog's Hand, Brothers in Arms


You were on level 11 of the Dungeon.
You worshipped Trog.
Trog was greatly pleased with you.
You visited 2 branches of the dungeon, and saw 14 of its levels.

You collected 1671 gold pieces.

Inventory:

Hand Weapons
 a - a +0 hand axe
 j - a +0 vorpal hand axe
 m - a +3 battleaxe of flaming (weapon)
 G - a +0 war axe
 L - a +5 executioner's axe of flaming
Armour
 b - a +0 animal skin
 c - a +0 ring mail
 h - a +0 plate armour (worn)
 i - a +0 cloak (worn)
 t - a +1 hat (worn)
 C - a scarf of resistance
 E - a scarf of resistance
 R - a +4 ring mail
Jewellery
 e - a +6 ring of strength (left hand)
 f - a +4 ring of evasion
 k - a ring of ice
 p - a ring of flight
 r - an amulet of faith (around neck)
 w - an amulet of magic regeneration
 I - a +4 ring of protection (right hand)
 M - a ring of ice
 T - an amulet of guardian spirit
Wands
 A - a wand of acid (9)
 H - a wand of flame (21)
 K - a wand of digging (5)
 N - a wand of paralysis (14)
 O - a wand of polymorph (9)
 Q - a wand of iceblast (7)
Scrolls
 l - 2 scrolls of magic mapping
 o - a scroll of identify
 q - 3 scrolls of teleportation
 y - 2 scrolls of silence
 B - 2 scrolls of vulnerability
 F - a scroll of amnesia
 J - 3 scrolls of noise
 P - 2 scrolls of enchant weapon
 U - a scroll of torment
 W - 2 scrolls of fog
 X - 2 scrolls of immolation
Potions
 d - 4 potions of heal wounds {unknown}
 g - 4 potions of degeneration {unknown}
 n - 5 potions of magic {unknown}
 s - 4 potions of attraction {unknown}
 u - 5 potions of curing
 v - 4 potions of flight {unknown}
 x - 4 potions of lignification {unknown}
 z - 2 potions of haste {unknown}
 D - 2 potions of might {unknown}
 S - a potion of ambrosia {unknown}
 V - a potion of resistance {unknown}
 Y - a potion of mutation {unknown}


   Skills:
 + Level 12.2 Fighting
 * Level 18.3 Axes
 - Level 10.4 Armour
 - Level 6.7 Dodging
 - Level 5.3 Evocations


You had 11 spell levels left.
You didn't know any spells.
Your spell library was empty.

Dungeon Overview and Level Annotations

Branches:
Dungeon (13/15)            Temple (1/1) D:6            Lair (0/6) D:8
    Orc (0/2) D:9
 Vaults: D:13-14

Altars:
Cheibriados
Elyvilon
Hepliaklqana
Kikubaaqudgha
Ru
Sif Muna
Trog
Vehumet
Zin
The Shining One
Beogh
Lugonu

Shops:
D:8 *

Annotations:
D:11 1 transporter


Innate Abilities, Weirdness & Mutations

You have a pair of horns on your head.
You reflexively headbutt those who attack you in melee.


Message History

There is a transporter here.
You enter the transporter and appear at another place.
The green ugly thing gurgles horribly!
You feel yourself growing ill in the presence of the ancient zyme.
Your ogre goes berserk!
Trog will no longer gift you weapons. The small abomination hits your ogre!
The large abomination hits you!! The small abomination hits your ogre!!
The ancient zyme barely misses your ogre.
The ancient zyme hits your ogre.
Your ogre looks sick.
The large abomination hits your ogre!!!
Your ogre dies!
Your ogre's corpse disappears in a puff of smoke!
Your skin crawls.
You feel strong-willed. The large abomination hits you!
You completely miss the large abomination.
Your headbutt misses the large abomination.
You hit the large abomination. You burn the large abomination.
The large abomination is lightly damaged.
You closely miss the small abomination. The large abomination hits you!!
The small abomination hits you!
You feel ill.
Okay, then.
Okay, then.
Okay, then.
As you read the scroll of teleportation, it crumbles to dust.
You feel strangely unstable.
The small abomination closely misses you.
The large abomination hits you!!
* * * LOW HITPOINT WARNING * * *
The small abomination hits you.
* * * LOW HITPOINT WARNING * * *
The large abomination hits you but does no damage.
The small abomination hits you!
* * * LOW HITPOINT WARNING * * *
Okay, then.
A red film seems to cover your vision as you go berserk!
You feel yourself moving faster!
You feel mighty! The large abomination hits you!!
You die...

.######.###.x##...##..##
.# #.##...##...##..$# .#
#.##.#..##©##..$.#
+######.## #...###...###
........# ##.......##
......### ##.....##
......# #..x..# ......#
##.xxX.## ......#
##.uX@...# ......# #
#...###...# ......#
#.#.X##©##..#©#
......####!..##...###..#
........###)X##...##$)##
.....[..# # #.....#
........# ###.###
........########.##
...............#..#


You could see a green ugly thing, an ancient zyme, 3 large abominations and 2
small abominations.

Vanquished Creatures
  The ghost of leebro123 the Warrior, a journeyman MiHu of Okawaru (D:13)
  Azrael (D:13)
  A boulder beetle (D:13)
  2 hydras (D:13)
  Erica (D:11)
  2 two-headed ogres (D:10)
  Amaemon (D:8)
  Pikel (D:7)
  2 deep elf pyromancers
  3 ugly things
  A manticore (D:12)
  Joseph (D:7)
  A cyclops (D:13)
  An orange demon (D:9)
  A gargoyle (D:11)
  A kobold demonologist (D:10)
  An unseen horror (D:12)
  7 trolls
  A polar bear (shapeshifter) (D:13)
  The ghost of Fenrisus the Magician, an amateur DjFE (D:3)
  13 slime creatures (D:12)
  2 vampires
  2 shadows
  13 yaks
  A wyvern (D:9)
  A fire elemental (D:13)
  Grum (D:8)
  4 vampire mosquitoes (D:12)
  A basilisk (D:12)
  A steam dragon (D:6)
  A water moccasin (D:8)
  3 hell hounds (D:13)
  3 ice beasts
  An orc warrior (D:8)
  2 sky beasts
  4 ogres
  5 wolves (D:8)
  4 centaurs
  3 phantoms
  A lemure (D:7)
  5 bullfrogs
  5 kobold brigands
  2 gnoll sergeants
  A scorpion (D:4)
  5 wights (D:7)
  4 killer bees (D:9)
  A howler monkey (D:5)
  5 electric eels (D:8)
  10 orc priests
  7 hounds
  Jessica (D:2)
  2 iguanas
  13 orc wizards
  4 adders
  19 gnolls
  3 white imps (D:6)
  An ufetubus (D:5)
  2 worms (D:2)
  3 dart slugs
  67 orcs
  6 ball pythons
  4 endoplasms
  2 giant cockroaches (D:3)
  4 goblins
  5 hobgoblins
  12 jackals
  5 quokkas
  6 bats
  A frilled lizard (D:2)
  15 kobolds
  5 rats
322 creatures vanquished.

Vanquished Creatures (collateral kills)
  A hell hound (D:13)
  4 orc warriors
  23 orcs
28 creatures vanquished.

Grand Total: 350 creatures vanquished

Notes
Turn   | Place    | Note
-------+----------+-------------------------------------------
     0 | D:1      | Dauddaud the Minotaur Berserker began the quest for the
                  | Orb.
     0 | D:1      | Reached XP level 1. HP: 19/19 MP: 0/0
    18 | D:1      | Found a faded altar of an unknown god.
   114 | D:1      | Reached skill level 4 in Axes
   536 | D:1      | You fall into a shaft and drop 1 floor!
   536 | D:2      | Found a glowing golden altar of the Shining One.
   693 | D:1      | Reached XP level 2. HP: 21/26 MP: 1/1
  1352 | D:1      | Reached skill level 5 in Axes
  1505 | D:1      | Reached XP level 3. HP: 16/31 MP: 2/2
  1650 | D:2      | Noticed Jessica
  1938 | D:2      | Reached skill level 6 in Axes
  1938 | D:2      | Reached XP level 4. HP: 3/39 MP: 3/3
  2246 | D:2      | Killed Jessica
  2665 | D:2      | Reached ** piety under Trog
  3185 | D:3      | Found a runed translucent gate.
  3185 | D:3      | Found a runed translucent gate.
  3187 | D:3      | Found a runed translucent gate.
  3188 | D:3      | Noticed Fenrisus's ghost (amateur DjFE)
  3392 | D:3      | Reached skill level 7 in Axes
  3392 | D:3      | Reached XP level 5. HP: 45/45 MP: 4/4
  3430 | D:3      | Found a bloodstained altar of Trog.
  3743 | D:3      | Found a snail-covered altar of Cheibriados.
  3886 | D:3      | Killed Fenrisus's ghost
  3887 | D:3      | Reached skill level 8 in Axes
  3887 | D:3      | Reached XP level 6. HP: 51/51 MP: 5/5
  4037 | D:4      | Reached skill level 9 in Axes
  4187 | D:4      | Reached XP level 7. HP: 51/57 MP: 6/6
  4192 | D:4      | Reached *** piety under Trog
  4194 | D:4      | Found a shimmering blue altar of Sif Muna.
  4291 | D:4      | Reached skill level 10 in Axes
  4678 | D:5      | Entered Level 5 of the Dungeon
  4770 | D:5      | Found a glowing silver altar of Zin.
  4949 | D:5      | Reached skill level 11 in Axes
  5079 | D:5      | Reached **** piety under Trog
  5135 | D:5      | Reached XP level 8. HP: 64/64 MP: 7/7
  5148 | D:5      | Reached skill level 12 in Axes
  5383 | D:5      | Noticed a troll
  5398 | D:5      | Killed a troll
  5599 | D:6      | Reached skill level 13 in Axes
  6320 | D:6      | Found a staircase to the Ecumenical Temple.
  6450 | D:6      | Reached skill level 14 in Axes
  6755 | Temple   | Entered the Ecumenical Temple
  6804 | D:7      | Reached XP level 9. HP: 70/70 MP: 8/8
  6821 | D:7      | Found a glowing golden altar of the Shining One.
  6859 | D:7      | Noticed Joseph
  6880 | D:7      | Killed Joseph
  7053 | D:7      | Reached skill level 15 in Axes
  7189 | D:7      | Noticed Pikel
  7196 | D:7      | Killed Pikel
  7197 | D:7      | Reached skill level 16 in Axes
  7411 | D:7      | Found a radiant altar of Vehumet.
  7882 | D:8      | Found a hazy altar of Hepliaklqana.
  7979 | D:8      | Reached skill level 1 in Evocations
  8058 | D:8      | Noticed a troll
  8073 | D:8      | Killed a troll
  8280 | D:8      | Reached skill level 5 in Fighting
  8283 | D:8      | Found a staircase to the Lair.
  8400 | D:8      | Reached XP level 10. HP: 69/81 MP: 9/9
  8481 | D:8      | Noticed Grum
  8498 | D:8      | Killed Grum
  8959 | D:8      | Found a white marble altar of Elyvilon.
  8979 | D:8      | Found Reshron's General Store.
  9055 | D:8      | Reached skill level 5 in Armour
  9082 | D:8      | HP: 4/83 [orc priest/divine providence (12)]
 10505 | D:9      | Noticed Amaemon
 10505 | D:9      | Noticed an orange demon
 10521 | D:8      | Killed Amaemon
 10590 | D:9      | Killed an orange demon
 10664 | D:9      | Reached ***** piety under Trog
 10825 | D:9      | Found a staircase to the Orcish Mines.
 10853 | D:9      | Reached skill level 5 in Dodging
 10861 | D:9      | Reached XP level 11. HP: 62/94 MP: 10/10
 11474 | D:9      | Found an ancient bone altar of Kikubaaqudgha.
 11512 | D:10     | Entered Level 10 of the Dungeon
 11636 | D:10     | Noticed a two-headed ogre
 11645 | D:10     | Killed a two-headed ogre
 11691 | D:9      | HP: 4/95 [poisoned by a kobold brigand]
 12041 | D:9      | Identified a scroll of acquirement
 12041 | D:9      | Acquired 805 gold pieces
 12072 | D:10     | Received a gift from Trog
 12419 | D:10     | Noticed a two-headed ogre
 12426 | D:10     | Killed a two-headed ogre
 12957 | D:11     | Found a transporter.
 12960 | D:11     | Found a corrupted altar of Lugonu.
 12960 | D:11     | Noticed a large abomination
 12991 | D:11     | Noticed Erica
 12995 | D:11     | Killed Erica
 13308 | D:11     | Noticed a red ugly thing
 13317 | D:11     | Killed a red ugly thing
 13580 | D:11     | Found a transporter.
 13580 | D:11     | Noticed a large abomination
 13582 | D:11     | Noticed a green ugly thing
 13765 | D:12     | Reached skill level 10 in Fighting
 13903 | D:12     | Noticed a deep elf pyromancer
 13909 | D:12     | Reached skill level 5 in Evocations
 13910 | D:12     | Reached skill level 10 in Armour
 14102 | D:12     | Killed a deep elf pyromancer
 14155 | D:12     | Identified the +2 robe of the Manifold Orbs {rF+ Str+3
                  | Stlth+}
 14482 | D:12     | Reached XP level 12. HP: 75/107 MP: 11/11
 15385 | D:13     | Noticed a seven-headed hydra
 15396 | D:13     | Killed a five-headed hydra
 15397 | D:13     | Reached skill level 17 in Axes
 15477 | D:13     | Noticed a boulder beetle
 15489 | D:13     | Killed a boulder beetle
 15711 | D:13     | Noticed a seven-headed hydra
 15717 | D:13     | Killed a five-headed hydra
 15717 | D:13     | Received a gift from Trog
 16078 | D:13     | Found a runed translucent gate.
 16201 | D:13     | Noticed Azrael
 16213 | D:13     | Killed Azrael
 16222 | D:13     | Reached skill level 18 in Axes
 16569 | D:13     | Found a runed translucent gate.
 16570 | D:13     | Found a runed translucent gate.
 16576 | D:13     | Noticed leebro123's ghost (journeyman MiHu)
 16735 | D:13     | Killed leebro123's ghost
 16882 | D:11     | Demolished by a large abomination

Illustrated notes

Levels and vault maps discovered:
D:1:      ebering_hopf_link, layout_basic, ebering_ecumenical_altar_box,
          minmay_misc_feat_encased, palyth_stone_intersect, wad_woods_river_04
D:2:      layout_basic, basic_altar, ebering_dispersal_statue_hall, uniq_jessica
D:3:      layout_loops_ring, bloody_trog, kennysheep_slug_shrine,
          biasface_ghost_orc_armoury, chequers_hall_statues_corner_a,
          grunt_ministairs_11, dk_vineyard_2
D:4:      layout_rooms, lemuel_doored_altar, grunt_ministairs_5
D:5:      layout_loops_ring, general_overflow_altar
D:6:      layout_loops_ring, temple_statues, chequers_hall_statues_wall_a,
          chequers_serial_rivers_room_b
D:7:      layout_basic, mainiacjoe_overflow_catch_the_wave, uniq_pikel,
          uniq_joseph
D:8:      layout_basic, mainiacjoe_overflow_alcove_2,
          mainiacjoe_overflow_catwalk, erik_lair_island, serial_shops,
          shop_fountains, special_room [special_room_orc], uniq_grum
D:9:      layout_basic, lemuel_coloured_pillars_altar, hiddenorc1_lemuel,
          hangedman_decor_riveting, uniq_amaemon
D:10:     layout_cave_pools
D:11:     gammafunk_corrupted_shrine, layout_basic, uniq_erica
D:12:     layout_long_grid
D:13:     layout_basic, ebering_ghost_rock_garden, kennysheep_generic_room_15,
          uniq_azrael
Temple:   dshaligram_water_room_temple

Skill      XL: |  1  2  3  4  5  6  7  8  9 10 11 12 |
---------------+-------------------------------------+-----
Axes           | 4 5 6 7 8 9 11 14 16 18 | 18.3
Fighting       | 5 8 10 12 | 12.2
Armour         | 4 7 10 | 10.4
Evocations     | 1 3 5 |  5.3
Dodging        | 3 5 6 |  6.7

Action                   |  1- 3 |  4- 6 |  7- 9 | 10-12 || total
-------------------------+-------+-------+-------+-------++-------
Melee: Hand axe          |    48 |   113 |   208 |       ||   369
       Headbutt          |     6 |    12 |    52 |    81 ||   151
       Punch             |       |       |     2 |     3 ||     5
       War axe           |       |       |    98 |   197 ||   295
       Battleaxe         |       |       |       |   203 ||   203
Invok: Berserk           |       |     1 |     3 |     8 ||    12
       Trog's Hand       |       |     1 |     1 |     4 ||     6
       Brothers in Arms  |       |       |       |     4 ||     4
Evoke: Wand              |       |       |     8 |       ||     8
  Use: Scroll            |       |       |     3 |    12 ||    15
       Potion            |       |       |       |     1 ||     1
Armor: Ring mail         |    13 |    12 |       |       ||    25
       Plate armour      |       |    25 |   100 |   255 ||   380
Dodge: Dodged            |    29 |    63 |   136 |   198 ||   426

Table legend: (Time is in decaauts)
 A = Elapsed time spent in this place.
 B = Non-inter-level travel time spent in this place.
 C = Inter-level travel time spent in this place.
 D = Time resting spent in this place.
 E = Time spent auto-exploring this place.
 F = Levels seen in this place.
 G = Mean time per level.
                   A        B        C        D        E       F      G
               +--------+--------+--------+--------+--------+-----+--------+
         Total |  16865 |  16216 |    649 |   5306 |   8868 |  14 | 1204.6 |
       Dungeon |  16863 |  16214 |    649 |   5306 |   8868 |  13 | 1297.2 |
        Temple |      1 |      1 |      0 |      0 |      0 |   1 |    1.0 |
               +--------+--------+--------+--------+--------+-----+--------+

Top non-repeatable levels by time:
     D:1: 2312 daAuts
     D:7: 1945 daAuts
     D:8: 1773 daAuts
    D:13: 1606 daAuts
    D:12: 1386 daAuts
     D:9: 1356 daAuts
     D:6: 1180 daAuts
    D:11: 1152 daAuts
     D:2: 906 daAuts
     D:5: 881 daAuts
    D:10: 878 daAuts
     D:3: 848 daAuts
     D:4: 635 daAuts
  Temple: 1 daAuts
